 Dungeon Crawl Stone Soup version 0.23.2-33-g5129a83184 (webtiles) character file.

Game seed: 9030119546677777155

18 BiggestBoss the Ruffian (level 2, 0/23 HPs)
             Began as a Draconian Transmuter on June 26, 2019.
             Succumbed to an adder's poison
             ... on level 2 of the Dungeon.
             The game lasted 00:12:27 (926 turns).

BiggestBoss the Ruffian (Draconian Transmuter)       Turns: 926, Time: 00:12:27

Health: 0/23       AC:  4    Str: 12    XL:     2   Next: 48%
Magic:  5/5        EV: 13    Int: 13    God:
Gold:   84         SH:  0    Dex: 16    Spells: 4/5 levels left

rFire    . . .     SeeInvis .   e - +0 hand axe
rCold    . . .     Gourm    .   (no shield)
rNeg     . . .     Faith    .   (armour unavailable)
rPois    .         Spirit   .   (helmet restricted)
rElec    .         Reflect  .   (no cloak)
rCorr    .         Harm     .   (no gloves)
MR       .....                  (no boots)
Stlth    +.........             (no amulet)
HPRegen  0.07/turn              d - +5 ring of dexterity
MPRegen  0.09/turn              (no ring)

@: lethally poisoned (0 -> -6)
A: unfitting armour, cold-blooded, AC +4
a: no special abilities


You were on level 2 of the Dungeon.
You were not hungry.

You visited 1 branch of the dungeon, and saw 2 of its levels.

You collected 84 gold pieces.

Inventory:

Hand Weapons
 b - a +0 dagger
 e - a +0 hand axe (weapon)
 f - a +0 short sword
Missiles
 a - 12 arrows
Armour
 i - a +0 chain mail
Jewellery
 d - a +5 ring of dexterity (left hand)
Scrolls
 g - a scroll of teleportation {unknown}
 h - a scroll of magic mapping {unknown}
Comestibles
 c - a ration


   Skills:
 + Level 1.1 Fighting
 + Level 0.1 Axes
 + Level 2.0 Dodging
 + Level 3.4 Unarmed Combat
 + Level 2.1 Spellcasting
 + Level 2.2 Transmutations


You had 4 spell levels left.
You knew the following spells:

 Your Spells              Type           Power        Failure   Level  Hunger
a - Beastly Appendage     Tmut           #.....       10%         1    ##.....

Your spell library contained the following spells:

 Spells                   Type           Power        Failure   Level  Hunger
 Sticks to Snakes         Tmut           #.......     16%         2    ###....
 Spider Form              Tmut/Pois      #.........   43%         3    ####...
 Ice Form                 Ice/Tmut       #.......     85%         4    #####..
 Blade Hands              Tmut           #.........   95%         5    ######.


Dungeon Overview and Level Annotations

Branches:
Dungeon (2/15)

Altars:


Innate Abilities, Weirdness & Mutations

Your plain brown scales are hard. (AC +4)
You cannot fit into any form of body armour.
You are cold-blooded and may be slowed by cold attacks.


Message History

The adder completely misses you.
Your wings, even vestigial as they are, won't fit in that.
You feel sick. The adder closely misses you.
Found an escape hatch in the floor.
The adder closely misses you.
You feel sick. The adder closely misses you.
The rat bites you but does no damage. The adder misses you.
The adder barely misses you. The kobold misses you.
The kobold hits you but does no damage.
You feel sick.
You are no longer poisoned.
The adder closely misses you.
Found 9 gold pieces.
The rat twitches its whiskers.
The adder bites you.
* * * LOW HITPOINT WARNING * * *
You are lethally poisoned!
The adder poisons you!
You die...

#..........#...##.....
...........#...##....% #
...........#...##.....
.......##......####.....
......$####.............
...<##.............#....
.......#................
##.................#....
.....$.@..#...w.........
.....#.#.S#..r.....#....
... ...#.KSg....$..##...
. ...####..........# #..
..... #...######## ##
#### ###... ..... ##....
#.....


You could see 2 adders, a goblin and a kobold.

Vanquished Creatures
  A dart slug (D:1)
  A giant cockroach (D:1)
  3 goblins (D:1)
  A hobgoblin (D:1)
  A ball python (D:1)
  3 bats (D:1)
  3 frilled lizards (D:1)
  2 kobolds (D:1)
  3 rats (D:1)
18 creatures vanquished.

Notes
Turn   | Place    | Note
-------+----------+-------------------------------------------
     0 | D:1      | BiggestBoss the Draconian Transmuter began the quest for
                  | the Orb.
     0 | D:1      | Reached XP level 1. HP: 16/16 MP: 3/3
   529 | D:1      | Reached XP level 2. HP: 23/23 MP: 5/5
   925 | D:2      | HP: 1/23 [adder (2)]
   926 | D:2      | Succumbed to an adder's poison

Skill      XL: |  1 |
---------------+----+-----
Dodging        | 2 |  2.0
Fighting       | |  1.1
Axes           | |  0.1
Unarmed Combat | |  3.4
Spellcasting   | |  2.1
Transmutations | |  2.2

Action                   || total
-------------------------++-------
Melee: Hand axe          ||    40
       Unarmed           ||    10
       Dagger            ||     2
       Tailslap          ||     3
       Punch             ||     1
  Eat: Ration            ||     1
Armor: Skin              ||    27
Dodge: Dodged            ||    68
